 Dungeon Crawl Stone Soup version 0.18.1-48-g4cf74bf (webtiles) character file.

2412 spiff the Destroyer (level 9, 0/45 HPs)
             Began as a Deep Elf Fire Elementalist on June 24, 2016.
             Was a Follower of Vehumet.
             Shot with an arrow by a centaur (3 damage)
             ... on level 7 of the Dungeon.
             The game lasted 00:22:18 (7255 turns).

spiff the Destroyer (Deep Elf Fire Elementalist)    Turns: 7255, Time: 00:22:19

Health: 0/45       AC:  3    Str:  5    XL:     9   Next: 23%
Magic:  2/19       EV: 12    Int: 30    God:    Vehumet [*.....]
Gold:   359        SH:  0    Dex: 15    Spells: 4 memorised, 6 levels left

rFire  . . .     SeeInvis .     y - +2 morningstar (crush)
rCold  . . .     Gourm    .     a - +0 robe
rNeg   . . .     Faith    .     (no shield)
rPois  .         Spirit   .     (no helmet)
rElec  .         Dismiss  .     (no cloak)
rCorr  .         Reflect  .     n - +1 pair of gloves
SustAt .         Harm     .     s - +0 pair of boots
MR     .....                    k - amulet of rage
Stlth  ++........               A - +6 ring of intelligence
                                j - -2 ring of protection (curse)

@: drained, not resistant to hostile enchantments, unstealthy
A: no striking features
a: Renounce Religion, Evoke Berserk Rage


You were on level 7 of the Dungeon.
You worshipped Vehumet.
Vehumet was aware of your devotion.
You were not hungry.

You visited 2 branches of the dungeon, and saw 8 of its levels.

You collected 419 gold pieces.
You spent 60 gold pieces at shops.

Inventory:

Hand Weapons
 y - a +2 morningstar of crushing (weapon)
Armour
 a - a +0 robe (worn)
 n - a +1 pair of gloves (worn)
 p - a +0 pair of boots
 s - a +0 pair of boots (worn)
 B - a +0 helmet
Jewellery
 d - an uncursed ring of stealth
 j - a cursed -2 ring of protection (left hand)
 k - an amulet of rage (around neck)
 A - a +6 ring of intelligence (right hand)
Wands
 e - a wand of paralysis (16/24)
 w - a wand of enslavement (2/24)
 x - a wand of lightning (6/15)
 G - a wand of flame (22/48)
Scrolls
 m - a scroll of fog
 o - 3 scrolls of enchant weapon
 r - a scroll of teleportation
 C - 3 scrolls of remove curse
 D - a scroll of noise
 E - a scroll of identify
 H - a scroll of blinking {unknown}
Potions
 f - 3 potions of heal wounds
 h - 3 potions of might
 q - a potion of curing
 t - 2 potions of lignification
 z - a potion of beneficial mutation {unknown}
 F - a potion of ambrosia {unknown}
Books
 b - a book of Flames

   Spells                             Type                      Level
   a - Flame Tongue                   Conjuration/Fire             1
   b - Throw Flame                    Conjuration/Fire             2
   c - Conjure Flame                  Conjuration/Fire             3
   d - Inner Flame                    Hexes/Fire                   3
   e - Sticky Flame                   Conjuration/Fire             4
   f - Fireball                       Conjuration/Fire             5
 l - a book of Battle

   Spells                             Type                      Level
   a - Infusion                       Charms                       1
   b - Shroud of Golubria             Charms/Translocation         2
   c - Song of Slaying                Charms                       2
   d - Spectral Weapon                Hexes/Charms                 3
   e - Regeneration                   Charms/Necromancy            3
 u - a book of Conjurations

   Spells                             Type                      Level
   a - Magic Dart                     Conjuration                  1
   b - Searing Ray                    Conjuration                  2
   c - Dazzling Spray                 Conjuration/Hexes            3
   d - Fulminant Prism                Conjuration/Hexes            4
   e - Iskenderun's Mystic Blast      Conjuration                  4
   f - Iskenderun's Battlesphere      Conjuration/Charms           5
Comestibles
 c - 7 bread rations
 g - 2 beef jerkies
 i - 2 slices of pizza
 v - 2 meat rations


   Skills:
 - Level 2.4(1.9) Dodging
 - Level 2.4(1.9) Stealth
 + Level 5.5(5.0) Spellcasting
 - Level 10.7(10.2) Conjurations
 - Level 8.0(7.5) Fire Magic


You had 6 spell levels left.
You knew the following spells:

 Your Spells              Type           Power        Failure   Level  Hunger
a - Flame Tongue          Conj/Fire      #####        1%          1    None
d - Fireball              Conj/Fire      ######....   4%          5    #####..
e - Conjure Flame         Conj/Fire      ######..     1%          3    None
s - Sticky Flame          Conj/Fire      ######..     1%          4    ###....


Dungeon Overview and Level Annotations

Branches:
Dungeon (7/15)             Temple (1/1) D:4

Altars:
Ashenzari
Cheibriados
Dithmenos
Elyvilon
Fedhas
Gozag
Makhleb
Nemelex Xobeh
Pakellas
Qazlal
Sif Muna
Trog
Vehumet
Xom
Yredelemnul
Zin
The Shining One

Shops:
D:4 !


Message History

Press: ? - help, Shift-Dir - straight line, f/p - centaur
Aim: a centaur, wielding a shortbow (severely wounded)
The fireball explodes!
The fireball engulfs the centaur.
The centaur is almost dead.
Casting: Fireball
Confirm with . or Enter, or press ? or * to list all spells.
Aiming: Fireball
Press: ? - help, Shift-Dir - straight line, f/p - centaur
Aim: a centaur, wielding a shortbow (almost dead)
The fireball explodes!
The fireball engulfs the centaur.
You kill the centaur!
Vehumet accepts your kill.
You are starving!
The centaur shoots an arrow.
The arrow barely misses you.
You see here an arrow.
You see here an arrow.
Eat which item? (? for menu, Esc to quit)
You continue eating.
The centaur shoots an arrow.
The arrow hits you.
You die...

#.#####..)...#.#
#< #........# #c##
#......#.# #..#
#......#.# #(##
##.....#.# #(c#
#.###.#.# ##)##
#.###.#.#
#####(.###.....#.#
#...@...##.###.#.#
#.......##.#####.#
#.......##.##....#
#........#.##.####
#........#.##.#
#........#....#
#........#.####
########...# ##..#


You could see a centaur.

Vanquished Creatures
  3 orc warriors
  An ice beast (D:6)
  3 ogres (D:6)
  A phantom (D:6)
  A centaur (D:7)
  Blork the orc (D:6)
  4 giant frogs (D:6)
  3 scorpions
  6 wights
  The ghost of buf2 the Covered, a weakling HuWn (D:3)
  A crimson imp (D:5)
  A quasit (D:6)
  A giant frog zombie (D:6)
  2 orc priests
  2 centaur skeletons
  A giant frog skeleton (D:4)
  5 hounds
  2 iguanas
  Ijyb (D:3)
  2 orc wizards
  4 worker ants
  2 worker ant zombies
  10 adders
  A shadow imp (D:6)
  3 oozes
  An adder skeleton (D:4)
  5 worms
  2 dart slugs
  2 giant geckos (D:5)
  14 orcs
  3 ball pythons
  6 bats
  3 giant cockroaches
  7 goblins
  9 hobgoblins
  9 jackals
  3 quokkas
  2 giant gecko skeletons
  7 giant newts
  A jackal zombie (D:5)
  5 kobolds
  2 quokka skeletons
  9 rats
152 creatures vanquished.

Notes
Turn   | Place    | Note
--------------------------------------------------------------
     0 | D:1      | spiff the Deep Elf Fire Elementalist began the quest for the Orb.
     0 | D:1      | Reached XP level 1. HP: 10/10 MP: 6/6
   145 | D:1      | Reached XP level 2. HP: 12/15 MP: 0/8
   348 | D:1      | Reached skill level 2 in Conjurations
   671 | D:1      | Reached XP level 3. HP: 19/19 MP: 3/10
   676 | D:1      | Learned a level 3 spell: Conjure Flame
  1141 | D:2      | Found a sparkling altar of Nemelex Xobeh.
  1147 | D:2      | Reached XP level 4. HP: 24/24 MP: 10/12
  1329 | D:2      | Found a shadowy altar of Dithmenos.
  1537 | D:2      | Learned a level 4 spell: Sticky Flame
  1920 | D:3      | Reached skill level 3 in Conjurations
  1988 | D:3      | Noticed buf2's ghost (weakling HuWn)
  1997 | D:3      | Killed buf2's ghost
  1997 | D:3      | Reached XP level 5. HP: 28/28 MP: 0/14
  2182 | D:3      | Noticed Ijyb
  2196 | D:3      | Killed Ijyb
  2379 | D:4      | Reached skill level 5 in Spellcasting
  2384 | D:4      | Found a glowing silver altar of Zin.
  2388 | D:4      | Found Haaj's Distillery.
  2398 | D:4      | Bought a potion of heal wounds for 60 gold pieces
  2436 | D:4      | Found a burning altar of Makhleb.
  2443 | D:4      | Reached skill level 5 in Fire Magic
  2515 | D:4      | Reached skill level 4 in Conjurations
  2517 | D:4      | Reached XP level 6. HP: 13/32 MP: 2/15
  2664 | D:4      | Learned a level 5 spell: Fireball
  3004 | D:4      | Found a staircase to the Ecumenical Temple.
  3005 | D:4      | Found an oddly glowing altar of Pakellas.
  3028 | Temple   | Entered the Ecumenical Temple
  3302 | D:4      | Reached skill level 5 in Conjurations
  3306 | D:4      | Reached XP level 7. HP: 36/36 MP: 7/16
  3794 | D:5      | Entered Level 5 of the Dungeon
  4169 | D:5      | Reached skill level 6 in Conjurations
  4809 | D:6      | Noticed Blork the orc
  4815 | D:6      | Killed Blork the orc
  5035 | D:6      | Reached XP level 8. HP: 41/41 MP: 9/17
  5115 | D:6      | Reached skill level 7 in Conjurations
  5510 | D:6      | Reached skill level 8 in Conjurations
  5627 | D:5      | Found a shimmering altar of Xom.
  5627 | D:5      | Found a snail-covered altar of Cheibriados.
  5696 | D:6      | Found a radiant altar of Vehumet.
  5698 | D:6      | Reached skill level 9 in Conjurations
  5833 | D:6      | Became a worshipper of Vehumet
  6169 | D:6      | Found a shattered altar of Ashenzari.
  6295 | D:6      | Reached skill level 10 in Conjurations
  6295 | D:6      | Reached XP level 9. HP: 45/45 MP: 8/18
  7154 | D:7      | Reached * piety under Vehumet
  7154 | D:7      | Offered knowledge of Shock by Vehumet.
  7255 | D:7      | Shot with an arrow by a centaur

Skill      XL: |  1  2  3  4  5  6  7  8 |
---------------+-------------------------+-----
Conjurations   | 2 3 4 5 6 10 | 10.7
Fire Magic     | 4 5 6 7 8 |  8.0
Spellcasting   | 4 5 |  5.5
Dodging        | |  2.4
Stealth        | |  2.4

Action                   |  1- 3 |  4- 6 |  7- 9 || total
-------------------------+-------+-------+-------++-------
Melee: Short sword       |     2 |       |       ||     2
       Morningstar       |       |       |    43 ||    43
 Cast: Flame Tongue      |    64 |   112 |   122 ||   298
       Conjure Flame     |       |     2 |     1 ||     3
       Sticky Flame      |       |     6 |    21 ||    27
       Fireball          |       |       |    14 ||    14
  Use: Scroll            |       |     7 |     4 ||    11
       Potion            |       |       |     3 ||     3
  Eat: Chunk             |     1 |     3 |    14 ||    18
       Bread ration      |       |     1 |     1 ||     2
       Beef jerky        |       |       |     1 ||     1
Armor: Robe              |     6 |     5 |    24 ||    35
Dodge: Dodged            |    21 |    18 |    97 ||   136
